 Dungeon Crawl Stone Soup version 0.26.1-11-gd32895ea62 (webtiles) character file.

Game seed: 12452238671269349129

703 Zeld the Chucker (level 7, -2/45 HPs)
             Began as an Octopode Brigand on May 16, 2021.
             Killed from afar by an orc wizard (10 damage)
             ... with a puff of flame
             ... on level 5 of the Dungeon.
             The game lasted 00:04:10 (4836 turns).

Zeld the Chucker (Octopode Brigand)                 Turns: 4836, Time: 00:04:11

Health: -2/45      AC:  1    Str: 12    XL:     7   Next: 66%
Magic:  14/14      EV: 13    Int: 13    God:
Gold:   371        SH:  0    Dex: 14    Spells: 15/15 levels left

rFire    . . .     SeeInvis .   a - +2 dagger
rCold    . . .     Faith    .   (no shield)
rNeg     . . .     Spirit   .   (helmet restricted)
rPois    .         Reflect  .   n - amulet of regeneration
rElec    .         Harm     .   k - ring of stealth
rCorr    .         Rampage  .   (no ring)
Will     .....                  (no ring)
Stlth    +++++.....             (no ring)
HPRegen  0.55/turn              (no ring)
MPRegen  0.14/turn              (no ring)
                                (no ring)
                                (no ring)

@: no status effects
A: almost no armour, stealthy swim, amphibious, 8 rings, constrict 8, camouflage
1, gelatinous body 1
a: no special abilities


You were on level 5 of the Dungeon.
You visited 1 branch of the dungeon, and saw 5 of its levels.

You collected 371 gold pieces.

Inventory:

Hand Weapons
 a - a +2 dagger (weapon)
Missiles
 b - 47 poisoned darts (quivered)
 c - 9 curare-tipped darts
 f - 6 atropa-tipped darts
Jewellery
 k - a ring of stealth (left tentacle)
 n - an amulet of regeneration (around mantle)
 p - an uncursed ring of wizardry {unknown}
Wands
 q - a wand of acid (11)
Scrolls
 d - 2 scrolls of remove curse
 e - 3 scrolls of enchant armour
 h - 5 scrolls of teleportation
 m - 2 scrolls of blinking
 r - a scroll of identify
Potions
 g - 2 potions of heal wounds
 i - a potion of cancellation
 j - a potion of mutation {unknown}
 l - a potion of haste {unknown}
 o - 3 potions of curing {unknown}


   Skills:
 - Level 2.0 Fighting
 * Level 3.0 Short Blades
 - Level 6.0 Throwing
 - Level 1.0 Dodging
 - Level 5.3 Stealth
 + Level 4.6 Spellcasting


You had 15 spell levels left.
You didn't know any spells.
Your spell library was empty.

Dungeon Overview and Level Annotations

Branches:
Dungeon (5/15)
 Temple: D:4-7

Altars:
Cheibriados
Gozag
Uskayaw
Wu Jian
Yredelemnul


Innate Abilities, Weirdness & Mutations

You cannot wear most types of armour.
You are very stealthy in the water. (Stealth+)
You are amphibious.
You can wear up to eight rings at the same time.
You can use your tentacles to constrict eight enemies at once.
Your skin changes colour to match your surroundings (Stealth+).
Your rubbery body absorbs attacks. (AC +1, EV +1)


Message History

You barely miss something. Something hits you.
You closely miss something. You hit something.
Reactivating autopickup.
You feel a bit more experienced.
The orc wizard hits you with a +2 dagger of speed!
* * * LOW HITPOINT WARNING * * *
You barely miss the orc wizard. You grab the orc wizard.
You squeeze the orc wizard.
The orc wizard is moderately wounded.
You constrict the orc wizard.
The orc wizard hits you with a +2 dagger of speed.
* * * LOW HITPOINT WARNING * * *
You hit the orc wizard.
The orc wizard is heavily wounded.
You constrict the orc wizard.
The orc wizard is no longer moving quickly.
The orc wizard points at you and mumbles some strange words.
The puff of flame hits you!
You die...

..# #..........# ##...
#..######..# .+ . #..#
#..# ## #..# #..# #
#..... #..# #..# # #.....
#..# #..# #####.....##..#
#..#
..........#..o######..#
#####.....#.#ooo@..#..#
#####....o#.######.#..#
.......o..#....###.#..###
.....#....o.............#
####.#.......#.###.#.####
#.##........#.#.#
.......###.#.#.#.# ####
.###>........#.# ...
.######.##.###.##


You could see an orc priest, an orc wizard and 2 orcs.

Vanquished Creatures
  Grinder (D:4)
  An ogre (D:4)
  An orc priest (D:4)
  3 hounds (D:4)
  4 orc wizards
  A worker ant (D:4)
  A hound skeleton (D:4)
  7 adders
  An adder skeleton (D:4)
  2 worms (D:2)
  3 dart slugs (D:1)
  3 leopard geckos
  8 orcs
  11 bats
  7 giant cockroaches
  4 goblins
  7 hobgoblins
  11 jackals
  6 kobolds
  2 quokkas
  A ball python (D:2)
  4 frilled lizards
  A leopard gecko skeleton (D:4)
  6 rats
96 creatures vanquished.

Notes
Turn   | Place    | Note
-------+----------+-------------------------------------------
     0 | D:1      | Zeld the Octopode Brigand began the quest for the Orb.
     0 | D:1      | Reached XP level 1. HP: 14/14 MP: 1/1
    89 | D:1      | Reached XP level 2. HP: 19/19 MP: 2/2
   384 | D:1      | Reached skill level 1 in Spellcasting
   958 | D:1      | Reached skill level 3 in Throwing
   958 | D:1      | Reached XP level 3. HP: 24/24 MP: 4/4
  1235 | D:2      | Found an ornate altar of the Wu Jian Council.
  1705 | D:2      | Found a hide-covered altar of Uskayaw.
  2211 | D:2      | Reached XP level 4. HP: 29/29 MP: 6/6
  2567 | D:3      | Found a snail-covered altar of Cheibriados.
  2799 | D:3      | Reached skill level 4 in Throwing
  2932 | D:3      | Reached XP level 5. HP: 16/34 MP: 8/8
  3401 | D:4      | Reached skill level 5 in Throwing
  3401 | D:4      | Reached XP level 6. HP: 23/39 MP: 8/10
  3615 | D:4      | Noticed Grinder
  3630 | D:4      | Killed Grinder
  3631 | D:4      | Reached skill level 6 in Throwing
  3631 | D:4      | Reached XP level 7. HP: 16/45 MP: 10/13
  3855 | D:4      | Found an opulent altar of Gozag.
  3989 | D:4      | Found a basalt altar of Yredelemnul.
  4139 | D:5      | Entered Level 5 of the Dungeon
  4836 | D:5      | Killed from afar by an orc wizard

Illustrated notes

Levels and vault maps discovered:
D:1:      grunt_arrival_crossed_arrows, layout_loops_corners,
          chequers_serial_rivers_large_a, chequers_serial_rivers_small_b
D:2:      layout_basic, lemuel_doored_altar, lemuel_coloured_pillars_altar
D:3:      layout_loops_ring, cheibriados_altar_1
D:4:      layout_loops_ring, nicolae_gozag_seed_capital,
          nicolae_overflow_hidden_temple, uniq_grinder
D:5:      layout_basic, roderic_lattice_a

Skill      XL: |  1  2  3  4  5  6  7 |
---------------+----------------------+-----
Spellcasting   | 1 2 4 |  4.6
Throwing       | 3 4 5 6 |  6.0
Short Blades   | 3 |  3.0
Fighting       | |  2.0
Dodging        | |  1.0
Stealth        | |  5.3

Action                   |  1- 3 |  4- 6 |  7- 9 || total
-------------------------+-------+-------+-------++-------
Melee: Dagger            |    83 |    75 |    71 ||   229
       Constrict         |    22 |    19 |    14 ||    55
       Tentacles         |    12 |    14 |    15 ||    41
  Use: Scroll            |       |     7 |       ||     7
       Potion            |       |       |     1 ||     1
 Stab: Sleeping          |    13 |    13 |     5 ||    31
Armor: Skin              |    12 |     2 |     3 ||    17
Dodge: Dodged            |    47 |    38 |    37 ||   122
